 Dungeon Crawl Stone Soup version 0.24.1-14-gf8d2b509d9 (webtiles) character file.

Game seed: 2302138766388610030, levelgen mode: deterministic

234 sahdkjhfkaj the Chopper (level 6, -3/53 HPs)
             Began as a Hill Orc Fighter on Sept 28, 2020.
             Slain by Grinder (7 damage)
             ... on level 3 of the Dungeon.
             The game lasted 00:03:17 (2558 turns).

sahdkjhfkaj the Chopper (Hill Orc Fighter)          Turns: 2558, Time: 00:03:18

Health: -3/53      AC:  8    Str: 26    XL:     6   Next: 5%
Magic:  6/6        EV:  7    Int:  8    God:
Gold:   100        SH: 10    Dex: 10    Spells: 5/5 levels left

rFire    . . .     SeeInvis .   a - +0 war axe
rCold    . . .     Gourm    .   c - +0 shield
rNeg     . . .     Faith    .   b - +0 scale mail
rPois    .         Spirit   .   (no helmet)
rElec    .         Reflect  .   (no cloak)
rCorr    .         Harm     .   j - +0 pair of gloves
MR       .....                  (no boots)
Stlth    ..........             (no amulet)
HPRegen  0.17/turn              (no ring)
MPRegen  0.10/turn              (no ring)

@: mighty
A: no striking features
a: no special abilities


You were on level 3 of the Dungeon.
You were hungry.

You visited 1 branch of the dungeon, and saw 3 of its levels.

You collected 100 gold pieces.

Inventory:

Hand Weapons
 a - a +0 war axe (weapon)
Missiles
 k - a throwing net (quivered)
Armour
 b - a +0 scale mail (worn)
 c - a +0 shield (worn)
 j - a +0 pair of gloves (worn)
Scrolls
 e - a scroll of immolation
 n - a scroll of fear {unknown}
 o - a scroll of enchant armour {unknown}
Potions
 g - a potion of curing
 h - a potion of mutation {unknown}
 i - a potion of haste {unknown}
 l - a potion of magic {unknown}
Comestibles
 f - 3 rations


   Skills:
 + Level 4.7 Fighting
 * Level 5.5 Axes
 + Level 4.3 Armour
 + Level 4.3 Shields


You had 5 spell levels left.
You didn't know any spells.
Your spell library was empty.

Dungeon Overview and Level Annotations

Branches:
Dungeon (3/15)

Altars:

Annotations:
D:3 Grinder


Message History

Grinder is moderately wounded.
Grinder hits you.
You writhe in agony.
Grinder blinks!
You slash Grinder!
Grinder is severely wounded.
Grinder hits you.
* * * LOW HITPOINT WARNING * * *
You writhe in agony.
* * * LOW HITPOINT WARNING * * *
You closely miss Grinder.
Grinder is severely wounded.
Grinder blinks!
You closely miss Grinder.
Grinder is severely wounded.
Grinder hits you but does no damage.
Your shield prevents you from hitting Grinder.
Grinder is severely wounded.
Grinder hits you!
* * * LOW HITPOINT WARNING * * *
Grinder hits you!
You die...

....(....###>###...
#######..# #.# #.##
##...###.# #.#
#........###.##
########....###.......
................###.##
................# #!##
.#####....^.....# #.#.
#..@..?...###.# #...
#.##5.....# #.# #### #
#.#....# #.# ..#.####
#.# ...... ####...
####


You could see Grinder.

Vanquished Creatures
  A hound (D:3)
  A worker ant (D:3)
  Robin (D:3)
  4 adders
  4 gnolls (D:2)
  2 oozes
  A worm (D:2)
  4 dart slugs (D:1)
  4 leopard geckos
  5 giant cockroaches
  11 goblins
  7 hobgoblins
  5 jackals (D:1)
  2 ball pythons
  4 bats
  4 frilled lizards (D:1)
  3 kobolds
  13 rats
76 creatures vanquished.

Notes
Turn   | Place    | Note
-------+----------+-------------------------------------------
     0 | D:1      | sahdkjhfkaj the Hill Orc Fighter began the quest for the
                  | Orb.
     0 | D:1      | Reached XP level 1. HP: 19/19 MP: 1/1
   142 | D:1      | Reached skill level 3 in Axes
   142 | D:1      | Reached XP level 2. HP: 27/27 MP: 2/2
   431 | D:1      | Reached XP level 3. HP: 30/33 MP: 3/3
  1124 | D:2      | Reached skill level 4 in Axes
  1170 | D:2      | Reached XP level 4. HP: 40/40 MP: 4/4
  1911 | D:3      | Reached XP level 5. HP: 42/47 MP: 5/5
  2180 | D:3      | Reached skill level 5 in Axes
  2266 | D:3      | Noticed Robin
  2274 | D:3      | Killed Robin
  2335 | D:3      | Reached XP level 6. HP: 37/53 MP: 6/6
  2541 | D:3      | Noticed Grinder
  2546 | D:3      | Paralysed by Grinder for 5 turns
  2558 | D:3      | Slain by Grinder

Levels and vault maps discovered:
D:1:      scummos_arrival_simple_crosswalls, layout_loops_corners
D:2:      layout_loops_ring
D:3:      layout_loops_ring, marbit_many_paths,
          chequers_ecumenical_altar_twisty, uniq_grinder, uniq_robin

Skill      XL: |  1  2  3  4  5 |
---------------+----------------+-----
Axes           | 3 4 5 |  5.5
Fighting       | 4 |  4.7
Shields        | 4 |  4.3
Armour         | 4 |  4.3

Action                   |  1- 3 |  4- 6 || total
-------------------------+-------+-------++-------
Melee: War axe           |    77 |   156 ||   233
  Use: Scroll            |     2 |     2 ||     4
       Potion            |       |     1 ||     1
  Eat: Chunk             |       |     5 ||     5
Armor: Scale mail        |    16 |    94 ||   110
Dodge: Dodged            |    16 |    53 ||    69
Block: Shield            |    31 |   101 ||   132
